[ AOE2 MATCH · #459527073 ]
UnrankedFranks vs Franks
[ REPLAY ANALYSIS · EXTRACTED FROM THE RECORDED GAME ]
Feudal
10:26
Castle
20:30
Imperial
43:30
| APM avg | 27.1 |
| APM peak | 74 |
| eAPM avg | 15.9 |
| Villagers / military | 59 / 97 |
Focus
⚔️ 33.0% · 🌾 67.0%
Knight ×66 · Throwing Axeman ×23 · Spearman ×6 · Monk ×2
Feudal
12:03
Castle
21:46
Imperial
—
| APM avg | 18.6 |
| APM peak | 39 |
| eAPM avg | 11.7 |
| Villagers / military | 88 / 27 |
Focus
⚔️ 20.5% · 🌾 79.5%
Knight ×22 · Scout Cavalry ×5
Feudal
11:49
Castle
24:19
Imperial
—
| APM avg | 31.7 |
| APM peak | 93 |
| eAPM avg | 17.2 |
| Villagers / military | 159 / 108 |
Focus
⚔️ 27.2% · 🌾 72.8%
Fire Lancer ×52 · Spearman ×22 · Battle Elephant ×18 · Rattan Archer ×6 · Skirmisher ×3 · Scout Cavalry ×3
Feudal
15:57
Castle
25:28
Imperial
—
| APM avg | 30.0 |
| APM peak | 68 |
| eAPM avg | 17.9 |
| Villagers / military | 160 / 52 |
Focus
⚔️ 26.5% · 🌾 73.5%
Kamayuk ×46 · Unknown (2550) ×34 · Spearman ×6
Match map
Initial resources + every placement click. Lines = walls · curves = elevation contours. ◆ gold · ⬟ stone · ● berries · ✦ relic · ◌ wall gap
Your base· Open — unwalled flank
mrtz's base· ✓ Closed at 21:46 · 26t walls · 1 gate(s)
Ultimate237's base· Open — 2t gap
minhkhaidz204's base· ✓ Closed at 25:28 · 40t walls · 1 gate(s)
Smoothed initial terrain · ◌ = detected wall gap · hover for details
Inputs per minute
— LORD of the Peasants - - mrtz
Build order — LORD of the Peasants
First 150 of 262 actions detected
| 0:01 | Create | Villager (Male) |
| 0:01 | Create | Villager (Male) |
| 0:01 | Create | Villager (Male) |
| 0:02 | Create | Villager (Male) |
| 0:03 | Build | House |
| 0:04 | Build | House |
| 1:24 | Create | Villager (Male) |
| 1:25 | Create | Villager (Male) |
| 2:03 | Create | Villager (Male) |
| 2:20 | Build | Lumber Camp |
| 2:24 | Create | Villager (Male) |
| 3:15 | Create | Villager (Male) |
| 3:44 | Build | House |
| 3:53 | Create | Villager (Male) |
| 3:54 | Create | Villager (Male) |
| 4:24 | Create | Villager (Male) |
| 4:35 | Build | Mill |
| 4:43 | Create | Villager (Male) |
| 5:14 | Create | Villager (Male) |
| 6:36 | Create | Villager (Male) |
| 6:37 | Create | Villager (Male) |
| 6:52 | Create | Villager (Male) |
| 6:58 | Build | House |
| 6:59 | Build | House |
| 7:02 | Create | Villager (Male) |
| 7:46 | Build | Palisade Wall |
| 7:49 | Build | Palisade Gate |
| 7:53 | Build | House |
| 7:54 | Build | Palisade Wall |
| 8:09 | Research | Feudal Age |
| 8:29 | Build | Barracks |
| 8:38 | Build | Palisade Wall |
| 8:47 | Build | Palisade Wall |
| 8:58 | Build | Palisade Gate |
| 9:16 | Build | Palisade Wall |
| 9:53 | Build | Mining Camp |
| 9:58 | Build | Palisade Wall |
| 10:03 | Build | Palisade Gate |
| 10:08 | Build | Palisade Wall |
| 10:16 | Create | Villager (Male) |
| 10:26 | Age | Feudal Age |
| 10:27 | Research | Double-Bit Axe |
| 10:28 | Create | Spearman |
| 10:37 | Build | Farm |
| 10:55 | Build | Farm |
| 11:18 | Build | Farm |
| 11:25 | Create | Spearman |
| 11:56 | Build | Mill |
| 12:13 | Build | Lumber Camp |
| 13:16 | Build | Blacksmith |
| 13:23 | Create | Spearman |
| 13:27 | Create | Villager (Male) |
| 13:28 | Create | Villager (Male) |
| 13:30 | Create | Villager (Male) |
| 14:13 | Build | Stable |
| 14:24 | Create | Villager (Male) |
| 14:27 | Build | Farm |
| 14:38 | Build | Farm |
| 14:51 | Build | House |
| 15:02 | Create | Villager (Male) |
| 15:09 | Build | Farm |
| 15:14 | Create | Villager (Male) |
| 15:20 | Build | House |
| 15:26 | Build | Palisade Wall |
| 15:44 | Create | Villager (Male) |
| 15:54 | Build | Farm |
| 15:55 | Build | Farm |
| 16:06 | Build | Farm |
| 16:17 | Build | Farm |
| 16:23 | Create | Villager (Male) |
| 16:40 | Create | Villager (Male) |
| 16:52 | Build | Palisade Wall |
| 16:54 | Build | House |
| 16:55 | Build | House |
| 16:57 | Build | House |
| 17:21 | Create | Villager (Male) |
| 17:50 | Research | Castle Age |
| 18:03 | Build | Palisade Gate |
| 18:06 | Build | Palisade Wall |
| 18:19 | Research | Scale Mail Armor |
| 18:29 | Build | Stable |
| 18:44 | Research | Gold Mining |
| 19:00 | Build | Mining Camp |
| 19:03 | Build | Farm |
| 19:14 | Research | Forging |
| 19:29 | Research | Stone Mining |
| 19:49 | Build | Palisade Wall |
| 19:56 | Create | Villager (Male) |
| 20:22 | Build | Outpost |
| 20:26 | Build | House |
| 20:27 | Build | House |
| 20:30 | Age | Castle Age |
| 20:33 | Create | Knight |
| 20:42 | Create | Villager (Male) |
| 20:56 | Research | Town Watch |
| 20:57 | Build | Farm |
| 21:01 | Create | Knight |
| 21:26 | Create | Knight |
| 21:30 | Build | Farm |
| 21:32 | Create | Villager (Male) |
| 21:34 | Build | Outpost |
| 21:40 | Create | Knight |
| 21:59 | Create | Knight |
| 22:14 | Research | Husbandry |
| 22:30 | Create | Knight |
| 22:31 | Create | Knight |
| 22:41 | Build | Farm |
| 22:42 | Build | Farm |
| 22:43 | Create | Villager (Male) |
| 22:43 | Create | Villager (Male) |
| 22:52 | Build | Farm |
| 23:05 | Build | Town Center |
| 23:07 | Create | Knight |
| 23:07 | Create | Knight |
| 23:20 | Build | Farm |
| 23:21 | Create | Villager (Male) |
| 23:24 | Create | Knight |
| 23:25 | Create | Knight |
| 23:38 | Create | Knight |
| 23:51 | Create | Knight |
| 23:52 | Create | Knight |
| 24:06 | Create | Knight |
| 24:09 | Create | Villager (Male) |
| 24:12 | Build | Farm |
| 24:23 | Create | Knight |
| 24:24 | Create | Knight |
| 24:42 | Create | Knight |
| 24:42 | Create | Knight |
| 24:57 | Create | Knight |
| 25:23 | Create | Knight |
| 25:55 | Research | Scale Barding Armor |
| 25:55 | Research | Scale Barding Armor |
| 25:58 | Create | Villager (Male) |
| 25:59 | Create | Villager (Male) |
| 25:59 | Create | Villager (Male) |
| 26:01 | Build | Farm |
| 26:02 | Build | Farm |
| 26:39 | Create | Spearman |
| 26:44 | Create | Knight |
| 26:48 | Research | Chain Mail Armor |
| 26:57 | Create | Spearman |
| 26:57 | Create | Spearman |
| 27:22 | Build | Monastery |
| 27:24 | Create | Knight |
| 27:26 | Create | Villager (Male) |
| 27:26 | Create | Villager (Male) |
| 27:29 | Create | Villager (Male) |
| 27:30 | Create | Villager (Male) |
| 27:30 | Create | Villager (Male) |
| 27:41 | Create | Knight |
Build order — mrtz
First 150 of 182 actions detected
| 0:16 | Create | Villager (Male) |
| 0:20 | Build | House |
| 0:23 | Build | House |
| 1:09 | Create | Villager (Male) ×3 |
| 2:22 | Create | Villager (Male) |
| 2:52 | Create | Villager (Male) |
| 3:28 | Build | House |
| 3:32 | Create | Villager (Male) |
| 3:32 | Create | Villager (Male) |
| 4:04 | Build | Lumber Camp |
| 4:08 | Create | Villager (Male) |
| 4:09 | Create | Villager (Male) |
| 4:09 | Create | Villager (Male) |
| 4:40 | Build | House |
| 5:04 | Create | Villager (Male) |
| 5:04 | Create | Villager (Male) |
| 5:04 | Create | Villager (Male) |
| 5:56 | Build | Mill |
| 6:04 | Create | Villager (Male) |
| 6:22 | Create | Villager (Male) |
| 6:32 | Create | Villager (Male) |
| 6:47 | Create | Villager (Male) |
| 6:56 | Build | Farm |
| 7:25 | Build | Farm |
| 7:30 | Create | Villager (Male) |
| 7:32 | Create | Villager (Male) |
| 8:02 | Create | Villager (Male) |
| 8:18 | Build | House |
| 8:26 | Create | Villager (Male) |
| 9:06 | Build | Palisade Wall |
| 9:06 | Build | Palisade Wall |
| 9:09 | Build | Palisade Wall |
| 9:22 | Build | Palisade Wall |
| 9:27 | Research | Loom |
| 9:36 | Research | Feudal Age |
| 10:13 | Build | Barracks |
| 11:35 | Build | House |
| 11:58 | Build | House |
| 11:59 | Create | Villager (Male) |
| 12:03 | Age | Feudal Age |
| 12:05 | Build | Stable |
| 12:07 | Create | Villager (Male) |
| 12:21 | Create | Villager (Male) |
| 12:34 | Build | Mining Camp |
| 12:39 | Build | Palisade Wall |
| 12:51 | Build | Palisade Wall |
| 12:51 | Build | Palisade Wall |
| 12:53 | Create | Scout Cavalry ×5 |
| 13:19 | Create | Villager (Male) |
| 13:20 | Create | Villager (Male) |
| 13:46 | Create | Villager (Male) |
| 14:02 | Build | Blacksmith |
| 14:34 | Build | House |
| 14:35 | Build | House |
| 14:36 | Build | House |
| 14:38 | Build | House |
| 14:40 | Create | Villager (Male) |
| 14:54 | Build | Farm |
| 15:00 | Create | Villager (Male) |
| 15:02 | Create | Villager (Male) |
| 15:02 | Create | Villager (Male) |
| 15:19 | Build | Farm |
| 15:34 | Build | Farm |
| 15:34 | Build | Farm |
| 15:34 | Build | Farm |
| 15:47 | Create | Villager (Male) |
| 16:28 | Build | Farm |
| 16:58 | Create | Villager (Male) |
| 17:20 | Create | Villager (Male) |
| 17:42 | Build | Farm |
| 17:42 | Build | Farm |
| 17:43 | Build | Farm |
| 17:43 | Build | Farm |
| 17:43 | Build | Farm |
| 17:43 | Build | Farm |
| 17:44 | Build | Farm |
| 17:52 | Create | Villager (Male) |
| 18:41 | Create | Villager (Male) |
| 19:04 | Research | Castle Age |
| 19:28 | Build | Palisade Gate |
| 19:38 | Build | Stable |
| 20:20 | Create | Villager (Male) |
| 20:45 | Research | Gold Mining |
| 21:07 | Build | Farm |
| 21:21 | Research | Double-Bit Axe |
| 21:46 | Age | Castle Age |
| 21:50 | Create | Knight ×5 |
| 21:50 | Create | Knight ×5 |
| 21:50 | Create | Knight ×2 |
| 22:40 | Create | Knight |
| 22:48 | Build | Farm |
| 22:49 | Build | Farm |
| 22:49 | Build | Farm |
| 22:49 | Build | Farm |
| 22:49 | Build | Farm |
| 22:50 | Build | Farm |
| 22:50 | Build | Farm |
| 22:50 | Build | Farm |
| 22:50 | Build | Farm |
| 22:50 | Build | Farm |
| 22:59 | Create | Villager (Male) |
| 22:59 | Create | Villager (Male) |
| 23:03 | Research | Husbandry |
| 23:07 | Research | Scale Barding Armor |
| 23:27 | Create | Knight |
| 23:44 | Build | Town Center |
| 23:55 | Build | Palisade Wall |
| 23:58 | Create | Villager (Male) |
| 24:11 | Research | Forging |
| 24:27 | Create | Villager (Male) |
| 24:33 | Create | Villager (Male) |
| 24:49 | Create | Knight ×2 |
| 25:25 | Create | Villager (Male) ×5 |
| 25:46 | Build | Town Center |
| 25:54 | Create | Villager (Male) ×3 |
| 25:59 | Build | Farm |
| 26:05 | Create | Villager (Male) |
| 26:10 | Create | Villager (Male) |
| 26:14 | Build | Farm |
| 26:14 | Build | Farm |
| 26:14 | Build | Farm |
| 26:15 | Build | Farm |
| 26:15 | Build | Farm |
| 26:15 | Build | Farm |
| 26:41 | Create | Knight ×3 |
| 26:54 | Build | House |
| 26:54 | Build | House |
| 26:55 | Build | House |
| 26:55 | Build | House |
| 26:59 | Build | House |
| 27:22 | Build | Farm |
| 27:24 | Build | Farm |
| 27:24 | Build | Farm |
| 27:25 | Build | Farm |
| 28:03 | Create | Villager (Male) |
| 28:04 | Create | Villager (Male) |
| 28:06 | Create | Knight ×2 |
| 28:10 | Create | Villager (Male) ×5 |
| 28:29 | Create | Knight |
| 28:39 | Create | Villager (Male) |
| 28:42 | Build | House |
| 28:43 | Build | House |
| 28:45 | Build | House |
| 28:53 | Build | Market |
| 28:55 | Create | Villager (Male) |
| 28:56 | Create | Villager (Male) ×5 |
| 30:12 | Build | Castle |
| 31:15 | Build | Town Center |
| 31:35 | Create | Villager (Male) |
| 31:38 | Create | Villager (Male) ×5 |
Build order — Ultimate237
First 150 of 347 actions detected
| 0:00 | Create | Villager (Male) |
| 0:01 | Create | Villager (Male) |
| 0:02 | Build | House |
| 0:03 | Build | House |
| 0:15 | Create | Villager (Male) |
| 0:15 | Create | Villager (Male) |
| 0:16 | Create | Villager (Male) |
| 1:44 | Create | Villager (Male) |
| 2:01 | Create | Villager (Male) |
| 2:23 | Create | Villager (Male) |
| 2:23 | Create | Villager (Male) |
| 2:56 | Build | Lumber Camp |
| 2:58 | Create | Villager (Male) |
| 2:58 | Create | Villager (Male) |
| 3:31 | Build | House |
| 3:32 | Build | House |
| 3:45 | Create | Villager (Male) |
| 3:45 | Create | Villager (Male) |
| 3:45 | Create | Villager (Male) |
| 3:45 | Create | Villager (Male) |
| 5:07 | Build | Mill |
| 5:11 | Create | Villager (Male) |
| 5:11 | Create | Villager (Male) |
| 5:12 | Create | Villager (Male) |
| 5:58 | Create | Villager (Male) |
| 6:07 | Create | Villager (Male) |
| 6:16 | Create | Villager (Male) |
| 6:16 | Create | Villager (Male) |
| 6:33 | Research | Loom |
| 7:34 | Create | Villager (Male) |
| 7:34 | Create | Villager (Male) |
| 7:47 | Create | Villager (Male) |
| 7:48 | Create | Villager (Male) |
| 7:57 | Create | Villager (Male) |
| 8:28 | Create | Villager (Male) |
| 8:46 | Create | Villager (Male) |
| 9:11 | Build | House |
| 9:22 | Research | Feudal Age |
| 9:51 | Create | Villager (Male) |
| 9:51 | Create | Villager (Male) |
| 10:10 | Create | Villager (Male) |
| 10:15 | Build | Lumber Camp |
| 10:18 | Build | Mining Camp |
| 10:35 | Build | Barracks |
| 10:43 | Create | Villager (Male) |
| 10:59 | Create | Villager (Male) |
| 11:07 | Create | Villager (Male) |
| 11:12 | Create | Villager (Male) |
| 11:49 | Age | Feudal Age |
| 11:55 | Build | Stable |
| 11:59 | Build | Palisade Wall |
| 12:01 | Create | Villager (Male) |
| 12:01 | Create | Villager (Male) |
| 12:14 | Create | Villager (Male) |
| 12:27 | Research | Double-Bit Axe |
| 12:41 | Build | House |
| 12:57 | Build | Blacksmith |
| 13:00 | Create | Scout Cavalry |
| 13:00 | Create | Scout Cavalry |
| 13:16 | Create | Villager (Male) |
| 13:17 | Create | Villager (Male) |
| 13:48 | Research | Scale Barding Armor |
| 14:28 | Create | Villager (Male) |
| 14:28 | Create | Villager (Male) |
| 14:35 | Build | Farm |
| 14:35 | Build | Farm |
| 14:35 | Build | Farm |
| 14:38 | Build | Farm |
| 14:38 | Build | Farm |
| 14:38 | Build | Farm |
| 14:39 | Build | Farm |
| 14:50 | Create | Scout Cavalry |
| 15:04 | Create | Villager (Male) |
| 15:04 | Create | Villager (Male) |
| 15:09 | Build | Market |
| 15:35 | Create | Villager (Male) |
| 15:35 | Create | Villager (Male) |
| 15:48 | Research | Horse Collar |
| 15:50 | Create | Villager (Male) |
| 15:50 | Create | Villager (Male) |
| 16:07 | Build | House |
| 16:26 | Create | Villager (Male) |
| 16:26 | Create | Villager (Male) |
| 16:40 | Create | Villager (Male) |
| 16:41 | Create | Villager (Male) |
| 16:56 | Create | Villager (Male) |
| 16:56 | Create | Villager (Male) |
| 17:09 | Build | House |
| 17:31 | Create | Villager (Male) |
| 17:31 | Create | Villager (Male) |
| 17:38 | Build | Farm |
| 17:38 | Build | Farm |
| 17:42 | Build | Palisade Wall |
| 17:50 | Build | House |
| 17:53 | Build | House |
| 18:07 | Build | Farm |
| 18:07 | Build | Farm |
| 18:07 | Build | Farm |
| 18:22 | Build | House |
| 18:28 | Build | Palisade Wall |
| 18:31 | Build | Palisade Wall |
| 18:33 | Build | House |
| 18:36 | Build | House |
| 18:50 | Build | House |
| 18:51 | Build | House |
| 19:00 | Create | Villager (Male) |
| 19:01 | Create | Villager (Male) |
| 19:10 | Build | Watch Tower |
| 19:12 | Create | Villager (Male) |
| 19:13 | Create | Villager (Male) |
| 19:23 | Create | Villager (Male) |
| 19:23 | Create | Villager (Male) |
| 20:00 | Create | Villager (Male) |
| 20:00 | Create | Villager (Male) |
| 20:04 | Create | Villager (Male) |
| 20:09 | Build | Farm |
| 20:11 | Build | Farm |
| 20:12 | Build | Farm |
| 20:33 | Create | Villager (Male) |
| 20:34 | Create | Villager (Male) |
| 20:54 | Build | Palisade Wall |
| 21:05 | Build | Archery Range |
| 21:09 | Build | House |
| 21:14 | Create | Villager (Male) |
| 21:27 | Research | Castle Age |
| 21:47 | Create | Villager (Male) |
| 21:48 | Create | Villager (Male) |
| 22:10 | Build | Barracks |
| 22:14 | Build | House |
| 22:45 | Build | Farm |
| 22:47 | Build | Farm |
| 22:48 | Build | Farm |
| 22:57 | Research | Bloodlines |
| 23:00 | Create | Spearman |
| 23:00 | Create | Spearman |
| 23:15 | Create | Spearman |
| 23:31 | Build | Palisade Wall |
| 23:45 | Build | House |
| 23:47 | Build | House |
| 23:53 | Research | Forging |
| 23:58 | Create | Spearman |
| 24:07 | Create | Villager (Male) |
| 24:07 | Create | Villager (Male) |
| 24:15 | Create | Spearman |
| 24:19 | Age | Castle Age |
| 24:23 | Research | Pikeman (upgrade) |
| 24:26 | Build | House |
| 24:49 | Create | Battle Elephant |
| 24:49 | Create | Battle Elephant |
| 25:29 | Create | Villager (Male) |
Build order — minhkhaidz204
First 150 of 380 actions detected
| 0:01 | Create | Villager (Male) |
| 0:01 | Create | Villager (Male) |
| 0:03 | Build | House |
| 0:05 | Build | Barracks |
| 0:07 | Create | Villager (Male) |
| 0:08 | Create | Villager (Male) |
| 0:08 | Create | Villager (Male) |
| 1:29 | Create | Villager (Male) |
| 2:02 | Create | Villager (Male) |
| 2:02 | Create | Villager (Male) |
| 2:25 | Create | Villager (Male) |
| 2:25 | Create | Villager (Male) |
| 2:56 | Create | Villager (Male) |
| 2:56 | Create | Villager (Male) |
| 2:57 | Create | Villager (Male) |
| 3:32 | Create | Villager (Male) |
| 3:34 | Create | Unit 2550 |
| 3:39 | Build | House |
| 3:55 | Create | Villager (Male) |
| 4:03 | Create | Villager (Male) |
| 4:20 | Create | Villager (Male) |
| 4:21 | Create | Villager (Male) |
| 4:34 | Create | Unit 2550 |
| 4:36 | Research | Loom |
| 5:02 | Create | Villager (Male) |
| 5:43 | Build | Settlement |
| 6:09 | Create | Villager (Male) |
| 6:51 | Create | Villager (Male) |
| 6:51 | Create | Villager (Male) |
| 6:54 | Build | Farm |
| 7:00 | Create | Villager (Male) |
| 7:24 | Create | Villager (Male) |
| 7:46 | Build | House |
| 8:21 | Create | Villager (Male) |
| 8:41 | Create | Villager (Male) |
| 8:48 | Build | Settlement |
| 9:03 | Create | Villager (Male) |
| 9:05 | Create | Villager (Male) |
| 9:56 | Create | Villager (Male) |
| 10:02 | Build | Farm |
| 10:26 | Create | Villager (Male) |
| 10:44 | Create | Villager (Male) |
| 11:01 | Create | Villager (Male) |
| 11:04 | Build | Farm |
| 11:18 | Build | Farm |
| 11:19 | Build | Farm |
| 11:23 | Build | Farm |
| 11:23 | Create | Villager (Male) |
| 11:25 | Build | Farm |
| 11:27 | Create | Villager (Male) |
| 11:32 | Build | Farm |
| 11:33 | Create | Villager (Male) |
| 11:40 | Build | Palisade Wall |
| 11:58 | Create | Villager (Male) |
| 12:00 | Create | Unit 2550 |
| 12:01 | Create | Unit 2550 |
| 12:04 | Build | Farm |
| 12:12 | Build | Barracks |
| 12:26 | Create | Villager (Male) |
| 12:49 | Build | Palisade Wall |
| 13:00 | Create | Villager (Male) |
| 13:07 | Build | Farm |
| 13:22 | Build | Palisade Wall |
| 13:34 | Build | Palisade Wall |
| 13:42 | Build | Palisade Wall |
| 13:45 | Create | Villager (Male) |
| 13:47 | Research | Feudal Age |
| 13:50 | Create | Unit 2550 |
| 13:51 | Create | Unit 2550 |
| 14:06 | Build | Palisade Wall |
| 14:15 | Build | House |
| 14:16 | Create | Villager (Male) |
| 14:20 | Build | Farm |
| 14:55 | Build | House |
| 14:58 | Build | Palisade Wall |
| 15:13 | Build | Farm |
| 15:15 | Create | Villager (Male) |
| 15:44 | Build | House |
| 15:49 | Create | Unit 2550 |
| 15:57 | Age | Feudal Age |
| 15:58 | Research | Tech 1402 |
| 16:14 | Create | Villager (Male) |
| 16:32 | Create | Spearman |
| 16:34 | Create | Spearman |
| 16:38 | Build | Palisade Gate |
| 17:11 | Build | Farm |
| 17:12 | Build | Farm |
| 17:33 | Build | Farm |
| 17:38 | Create | Spearman |
| 17:38 | Create | Spearman |
| 17:40 | Create | Villager (Male) |
| 17:40 | Create | Villager (Male) |
| 17:40 | Create | Villager (Male) |
| 17:55 | Create | Spearman |
| 17:55 | Create | Spearman |
| 18:26 | Create | Villager (Male) |
| 18:29 | Build | Farm |
| 18:29 | Build | Farm |
| 18:29 | Build | Farm |
| 18:29 | Build | Farm |
| 19:10 | Create | Villager (Male) |
| 19:19 | Build | Palisade Wall |
| 20:03 | Build | Settlement |
| 20:06 | Create | Villager (Male) |
| 20:07 | Create | Villager (Male) |
| 20:24 | Build | Blacksmith |
| 20:36 | Create | Villager (Male) |
| 20:42 | Create | Villager (Male) |
| 20:49 | Create | Unit 2550 |
| 20:49 | Create | Unit 2550 |
| 20:52 | Create | Villager (Male) |
| 20:57 | Build | House |
| 21:14 | Build | Watch Tower |
| 21:46 | Build | Market |
| 21:50 | Create | Villager (Male) |
| 21:53 | Create | Unit 2550 |
| 21:53 | Create | Unit 2550 |
| 22:05 | Build | House |
| 22:18 | Research | Double-Bit Axe |
| 22:21 | Research | Horse Collar |
| 22:23 | Research | Scale Mail Armor |
| 22:25 | Create | Unit 2550 |
| 22:26 | Create | Unit 2550 |
| 22:27 | Create | Villager (Male) |
| 22:48 | Research | Castle Age |
| 22:48 | Research | Castle Age |
| 22:54 | Build | Farm |
| 22:56 | Build | Farm |
| 23:00 | Research | Gold Mining |
| 23:03 | Create | Villager (Male) |
| 23:03 | Create | Villager (Male) |
| 23:14 | Create | Unit 2550 |
| 23:47 | Create | Unit 2550 |
| 23:48 | Create | Unit 2550 |
| 23:49 | Create | Villager (Male) |
| 24:49 | Create | Unit 2550 |
| 24:49 | Create | Unit 2550 |
| 25:03 | Build | Farm |
| 25:06 | Create | Villager (Male) |
| 25:06 | Create | Villager (Male) |
| 25:26 | Create | Unit 2550 |
| 25:26 | Create | Unit 2550 |
| 25:28 | Age | Castle Age |
| 25:40 | Build | Town Center |
| 25:43 | Research | Tech 1351 |
| 25:44 | Research | Squires |
| 25:47 | Create | Unit 2550 |
| 26:07 | Create | Unit 2550 |
| 26:07 | Create | Unit 2550 |
| 26:10 | Create | Unit 2550 |
Match timeline
| 0:05 | minhkhaidz204 · first_building Barracks |
| 7:46 | LORD of the Peasants · wall_segment Palisade Wall x7 |
| 7:54 | LORD of the Peasants · wall_segment Palisade Wall x1 |
| 8:29 | LORD of the Peasants · first_building Barracks |
| 8:38 | LORD of the Peasants · wall_segment Palisade Wall x5 |
| 8:47 | LORD of the Peasants · wall_segment Palisade Wall x9 |
| 9:06 | mrtz · wall_segment Palisade Wall x5 |
| 9:06 | mrtz · wall_segment Palisade Wall x1 |
| 9:09 | mrtz · wall_segment Palisade Wall x1 |
| 9:16 | LORD of the Peasants · wall_segment Palisade Wall x3 |
| 9:22 | mrtz · wall_segment Palisade Wall x1 |
| 9:58 | LORD of the Peasants · wall_segment Palisade Wall x3 |
| 10:08 | LORD of the Peasants · wall_segment Palisade Wall x1 |
| 10:13 | mrtz · first_building Barracks |
| 10:26 | LORD of the Peasants · age_up feudal |
| 10:35 | Ultimate237 · first_building Barracks |
| 11:40 | minhkhaidz204 · wall_segment Palisade Wall x6 |
| 11:49 | Ultimate237 · age_up feudal |
| 11:55 | Ultimate237 · first_building Stable |
| 11:59 | Ultimate237 · wall_segment Palisade Wall x1 |
| 12:03 | mrtz · age_up feudal |
| 12:05 | mrtz · first_building Stable |
| 12:39 | mrtz · wall_segment Palisade Wall x3 |
| 12:49 | minhkhaidz204 · wall_segment Palisade Wall x1 |
| 12:51 | mrtz · wall_segment Palisade Wall x14 |
| 12:51 | mrtz · wall_segment Palisade Wall x1 |
| 13:22 | minhkhaidz204 · wall_segment Palisade Wall x10 |
| 13:34 | minhkhaidz204 · wall_segment Palisade Wall x2 |
| 13:42 | minhkhaidz204 · wall_segment Palisade Wall x12 |
| 14:06 | minhkhaidz204 · wall_segment Palisade Wall x8 |
| 14:13 | LORD of the Peasants · first_building Stable |
| 14:58 | minhkhaidz204 · wall_segment Palisade Wall x1 |
| 15:26 | LORD of the Peasants · wall_segment Palisade Wall x7 |
| 15:57 | minhkhaidz204 · age_up feudal |
| 16:52 | LORD of the Peasants · wall_segment Palisade Wall x11 |
| 17:42 | Ultimate237 · wall_segment Palisade Wall x1 |
| 18:06 | LORD of the Peasants · wall_segment Palisade Wall x1 |
| 18:28 | Ultimate237 · wall_segment Palisade Wall x1 |
| 18:31 | Ultimate237 · wall_segment Palisade Wall x1 |
| 19:19 | minhkhaidz204 · wall_segment Palisade Wall x1 |
| 19:49 | LORD of the Peasants · wall_segment Palisade Wall x1 |
| 20:30 | LORD of the Peasants · age_up castle |
| 20:54 | Ultimate237 · wall_segment Palisade Wall x10 |
| 21:05 | Ultimate237 · first_building Archery Range |
| 21:23 | Ultimate237 · first_market_buy 100 food |
| 21:46 | mrtz · age_up castle |
| 23:31 | Ultimate237 · wall_segment Palisade Wall x3 |
| 23:55 | mrtz · wall_segment Palisade Wall x1 |
| 24:19 | Ultimate237 · age_up castle |
| 25:28 | minhkhaidz204 · age_up castle |
| 25:55 | Ultimate237 · wall_segment Palisade Wall x1 |
| 26:20 | Ultimate237 · first_market_sell 100 wood |
| 26:57 | minhkhaidz204 · first_market_buy 100 stone |
| 27:22 | LORD of the Peasants · first_building Monastery |
| 29:00 | Ultimate237 · first_building Siege Workshop |
| 29:12 | LORD of the Peasants · first_building Castle |
| 29:48 | mrtz · first_market_sell 500 wood |
| 29:50 | mrtz · first_market_buy 500 stone |
| 30:12 | mrtz · first_building Castle |
| 33:31 | minhkhaidz204 · first_building Castle |
| 38:04 | mrtz · resign |
| 41:10 | Ultimate237 · first_building Castle |
| 43:30 | LORD of the Peasants · age_up imperial |
[ AI ANALYSIS · 1 CREDIT ]
What really happened in this match?
Wolo.gg analyzes every decision: build order, eco, micro, common mistakes by bracket. Personalized analysis on WhatsApp or Discord in 30 seconds.
Civ guide
Franks
Perfil
Jugador #4491809